 Dungeon Crawl Stone Soup version 0.31.0-9-g3a7656b989 (webtiles) character file.

Game seed: 15601703403098513671

12040 Chiseanne the Fighter (level 11, -8/87 HPs)
             Began as a Demonspawn Shapeshifter on Feb 4, 2024.
             Was an Initiate of Gozag.
             Mangled by an ice devil (17 damage)
             ... summoned by an orc sorcerer
             ... while paralysed by an orc sorcerer
             ... on level 1 of the Orcish Mines.
             The game lasted 00:33:33 (11644 turns).

Chiseanne the Fighter (Demonspawn Shapeshifter)    Turns: 11644, Time: 00:33:34

Health: -8/87      AC: 10    Str: 15    XL:     11   Next: 57%
Magic:  11/11      EV:  2    Int: 14    God:    Gozag
Gold:   779        SH:  0    Dex: 13    Spells: 10/10 levels left

rFire   + . .        a - +5 dagger (elec)
rCold   . . .        (no shield)
rNeg    . . .        k - +2 steam dragon scales
rPois   +            (helmet currently unavailable)
rElec   .            (cloak currently unavailable)
rCorr   .            (gloves currently unavailable)
SInv    .            (boots currently unavailable)
Will    .....        u - amulet of the acrobat
Stlth   +            i - ring of protection from fire
HPRegen 0.34/turn    j - ring of poison resistance
MPRegen 0.12/turn

%: acrobat
@: paralysed, agile, beast-form
A: beast (slay +4), horns 2, yellow scales 1, powered by death 1, powered by
pain 1
a: Begin Untransformation, Renounce Religion, Potion Petition, Call Merchant,
Bribe Branch


You were on level 1 of the Orcish Mines.
You worshipped Gozag.
Gozag was pleased with you.
You were a hulking beast.
You visited 3 branches of the dungeon, and saw 13 of its levels.
You also visited: Ossuary.

You collected 2112 gold pieces.
You spent 729 gold pieces at shops.
You paid 604 gold pieces to Gozag.

Inventory:

Hand Weapons
 a - a +5 dagger of electrocution (weapon)
 o - a +1 hand axe of flaming
 t - a +1 short sword of speed
 N - a +2 dagger of speed
Missiles
 e - 116 stones
 l - 13 poisoned darts (quivered)
 r - a throwing net
 I - a curare-tipped dart
 K - 3 boomerangs
Armour
 k - +2 steam dragon scales (worn)
 m - a scarf of resistance
 p - a +1 cloak
 w - a +1 buckler
 B - an orb of guile
Jewellery
 i - a ring of protection from fire (left hand)
 j - a ring of poison resistance (right hand)
 u - an amulet of the acrobat (around neck)
Talismans
 d - a flux talisman
 x - a beast talisman (active)
Wands
 c - a wand of polymorph (7)
 n - a wand of light (8)
 E - a wand of iceblast (11)
 J - a wand of digging (3)
 L - a wand of flame (22)
 M - a wand of mindburst (6)
 S - a wand of charming (4)
Scrolls
 f - 2 scrolls of fog
 g - 6 scrolls of revelation
 v - 5 scrolls of teleportation
 y - 2 scrolls of poison
 G - 2 scrolls of fear
 O - 3 scrolls of immolation
 P - a scroll of amnesia
 Q - 2 scrolls of blinking
Potions
 b - 2 potions of lignification
 h - a potion of invisibility
 q - 4 potions of curing
 z - a potion of brilliance
 A - 3 potions of mutation
 C - a potion of haste
 D - a potion of enlightenment
 F - a potion of heal wounds
 H - 2 potions of cancellation
 R - 3 potions of berserk rage
 T - 2 potions of resistance


   Skills:
 * Level 8.4 Fighting
 - Level 7.0 Armour
 * Level 7.9 Dodging
 * Level 8.2 Unarmed Combat
 * Level 2.5 Evocations
 * Level 7.6 Shapeshifting


You had 10 spell levels left.
You didn't know any spells.
Your spell library contained the following spells:

 Spells                   Type           Power      Damage    Failure   Level
 Jinxbite                 Hex            0%         N/A       41%         2
 Cause Fear               Hex            0%         N/A       96%         4
 Fireball                 Conj/Fire      0%         3d3       100%        5
 Yara's Violent Unravell  Hex/Alch       0%         3d3       100%        5
 Enfeeble                 Hex            0%         N/A       100%        7
 Dragon's Call            Summ           0%         N/A       100%        9


Dungeon Overview and Level Annotations

Branches:
Dungeon (11/15)            Temple (1/1) D:4            Lair (0/5) D:10
    Orc (1/2) D:9         Ossuary (visited)

Altars:
Ashenzari
Cheibriados
Dithmenos
Fedhas
Gozag
Hepliaklqana
Kikubaaqudgha
Makhleb
Nemelex Xobeh
Okawaru
Qazlal
Ru
Sif Muna
Trog
Uskayaw
Vehumet
Wu Jian
Xom
Yredelemnul

Shops:
D:6 (   D:9 **(?

Annotations:
D:5 1 runed translucent door, Crazy Yiuf
D:7 4 exclusions


Innate Abilities, Weirdness & Mutations

You are a hulking beast.
Your limbs bulge with bestial killing power. (Slay +4)
You have a pair of horns on your head.
You are partially covered in yellow scales. (AC +2)
You regenerate a little health from kills.
You sometimes gain a little power by taking damage.


Message History

The kobold blastminer blasts its cannon at you.
The iron shot hits you!!
You puncture the orc!
You kill the orc!
The kobold blastminer blasts its cannon at you.
The iron shot misses you.
Items here: $ )) [.
An orc sorcerer comes into view. It is wielding a +0 dagger.
The kobold blastminer unwields a +0 arbalest.
The kobold blastminer completely misses you.
The kobold blastminer hits you!
The kobold blastminer completely misses you.
You puncture the kobold blastminer!
Lightning courses through the kobold blastminer!
You headbutt the kobold blastminer!
The kobold blastminer is almost dead.
The kobold blastminer blasts its cannon at you.
The iron shot hits you!!
You hear a shout!
You hit the kobold blastminer. You headbutt the kobold blastminer.
You kill the kobold blastminer!
You now have 779 gold pieces (gained 6).
You see here a +0 arbalest.
The orc sorcerer casts a spell at you. The bolt of negative energy misses you.
The orc sorcerer casts a spell.
Items here: $ )) [.
The orc sorcerer gestures at you while chanting.
You suddenly lose the ability to move!
The ice devil hits you. The ice devil freezes you!
* * * LOW HITPOINT WARNING * * *
The orc sorcerer hits you with a +0 dagger.
* * * LOW HITPOINT WARNING * * *
The ice devil hits you!
* * * LOW HITPOINT WARNING * * *
You focus on the pain.
You feel agile all of a sudden. The ice devil freezes you!
You die...
Your body crumbles into a pile of gold.

.... ..## ####...
.....## ......
......## ##....
#......## #.....
##...$...#
#.....###.......#
#......)#......#
#........$o4..#
###....(.$h..##
##(((.....##
##....#.##
#...#### ###.#
#.# ###


You could see an ice devil (summoned) and an orc sorcerer.

Vanquished Creatures
  An ettin (D:9)
  3 two-headed ogres
  An oklob plant (D:10)
  Maurice (D:8)
  A kobold blastminer (Orc:1)
  Maggie (D:7)
  A hornet (D:10)
  A troll (D:11)
  16 yaks
  A wyvern (D:7)
  2 steam dragons
  An acid dragon (D:10)
  2 water moccasins
  Duvessa (D:5)
  2 orc warriors (D:10)
  2 black bears
  A sky beast (D:8)
  5 ogres
  2 centaurs
  2 kobold brigands (D:9)
  A gnoll sergeant (D:11)
  2 bullfrogs
  2 scorpions
  6 wights
  Dowan (D:5)
  11 killer bees
  2 electric eels
  7 howler monkeys
  2 bombardier beetles (D:3)
  4 hounds
  2 gnoll boudas
  A jelly (D:8)
  5 orc priests
  A bullfrog skeleton (D:7)
  2 iguanas
  17 orc wizards
  3 scorpion zombies (D:7)
  24 gnolls
  A howler monkey skeleton (D:7)
  9 adders
  A shadow imp (D:8)
  4 ufetubi
  2 adder skeletons (Ossuary)
  4 ribbon worms
  6 dart slugs
  21 orcs
  4 bats
  6 endoplasms
  4 giant cockroaches
  5 goblins
  8 hobgoblins
  4 jackals (D:3)
  2 quokkas
  7 ball pythons
  3 ball python skeletons (Ossuary)
  A hobgoblin skeleton (Ossuary)
  16 kobolds
  A kobold skeleton (Ossuary)
  2 orc skeletons (Ossuary)
  A rat (D:1)
252 creatures vanquished.

Vanquished Creatures (collateral kills)
  A water moccasin (D:9)
  4 ogres (D:9)
  A gnoll sergeant (D:5)
  2 killer bees (D:9)
  3 gnolls (D:5)
  An adder (D:5)
  A dart slug (D:5)
13 creatures vanquished.

Vanquished Creatures (others)
  A centaur (D:7)
  A wight (Ossuary)
  A burial acolyte (Ossuary)
  An orc wizard (D:6)
4 creatures vanquished.

Grand Total: 269 creatures vanquished

Notes
Turn   | Place    | Note
-------+----------+-------------------------------------------
     0 | D:1      | Chiseanne the Demonspawn Shapeshifter began the quest for
                  | the Orb.
     0 | D:1      | Reached XP level 1. HP: 15/15 MP: 1/1
    99 | D:1      | Gained mutation: You sometimes gain a little power by
                  | taking damage. [demonic ancestry]
    99 | D:1      | Reached XP level 2. HP: 21/21 MP: 2/2
   609 | D:1      | Found a faded altar of an unknown god.
  1073 | D:2      | Gained mutation: You regenerate a little health from kills.
                  | [demonic ancestry]
  1073 | D:2      | Reached XP level 3. HP: 21/26 MP: 3/3
  1451 | D:2      | Reached skill level 1 in Armour
  1478 | D:2      | Reached XP level 4. HP: 26/33 MP: 4/4
  2242 | D:3      | Gained mutation: You have a pair of small horns on your
                  | head. [demonic ancestry]
  2242 | D:3      | Reached XP level 5. HP: 33/38 MP: 5/5
  2614 | D:3      | Found an ornate altar of the Wu Jian Council.
  2619 | D:3      | Noticed a spectral centipede
  2619 | D:3      | Noticed a spectral black mamba
  2619 | D:3      | Noticed a spectral cane toad
  2646 | D:4      | Found a basalt altar of Yredelemnul.
  2726 | D:4      | Gained mutation: You are partially covered in yellow
                  | scales. (AC +2) [demonic ancestry]
  2726 | D:4      | Reached XP level 6. HP: 10/46 MP: 6/6
  3317 | D:4      | Reached XP level 7. HP: 52/52 MP: 7/7
  3491 | D:4      | Found a staircase to the Ecumenical Temple.
  3703 | Temple   | Entered the Ecumenical Temple
  3721 | Temple   | Became a worshipper of Gozag Ym Sagoz the Greedy
  4137 | D:5      | Entered Level 5 of the Dungeon
  4160 | D:5      | Found a bloodstained altar of Trog.
  4256 | D:5      | Found a runed translucent door.
  4257 | D:5      | Noticed Crazy Yiuf
  4666 | D:5      | Reached XP level 8. HP: 59/60 MP: 8/8
  4918 | D:5      | Noticed Dowan
  4918 | D:5      | Noticed Duvessa
  4934 | D:5      | Killed Duvessa
  4950 | D:5      | Killed Dowan
  5359 | D:6      | Reached skill level 5 in Unarmed Combat
  5469 | D:6      | Found a burning altar of Makhleb.
  5469 | D:6      | Noticed a blizzard demon
  5915 | D:6      | Reached skill level 5 in Shapeshifting
  5923 | D:6      | Reached skill level 5 in Fighting
  5923 | D:6      | Reached skill level 5 in Dodging
  6000 | D:6      | Found Rarr's Weapon Shop.
  6239 | D:6      | Reached XP level 9. HP: 68/68 MP: 9/9
  6307 | D:7      | Noticed Maggie
  6505 | D:7      | Found a sand-covered staircase.
  6525 | Ossuary  | Entered an ossuary
  6928 | D:7      | Killed Maggie
  6929 | D:7      | Reached skill level 5 in Armour
  7679 | D:8      | Noticed Maurice
  7957 | D:8      | Found a radiant altar of Vehumet.
  8011 | D:8      | Something stole 2 throwing nets
  8013 | D:8      | Something stole an orb of guile
  8017 | D:8      | Something stole a beast talisman
  8022 | D:8      | Something stole a +1 short sword of speed
  8023 | D:8      | Killed Maurice
  8024 | D:8      | Gained mutation: You have a pair of horns on your head.
                  | [demonic ancestry]
  8024 | D:8      | Reached XP level 10. HP: 77/77 MP: 3/10
  8792 | D:9      | Bought a scroll of fear for 56 gold pieces
  8792 | D:9      | Bought a scroll of immolation for 56 gold pieces
  8792 | D:9      | Bought a scroll of fear for 56 gold pieces
  8818 | D:9      | Found a staircase to the Orcish Mines.
  8842 | D:9      | Found Rupibiu's Magic Scroll Shoppe.
  8850 | D:9      | Bought a scroll of poison for 68 gold pieces
  8850 | D:9      | Bought a scroll of amnesia for 68 gold pieces
  8850 | D:9      | Bought a scroll of fear for 68 gold pieces
  8850 | D:9      | Bought a scroll of teleportation for 51 gold pieces
  8850 | D:9      | Bought a scroll of blinking for 127 gold pieces
  8850 | D:9      | Bought a scroll of enchant armour for 127 gold pieces
  8856 | D:9      | Noticed a two-headed ogre
  8876 | D:9      | Killed a two-headed ogre
  9363 | D:9      | Found Lyiquv's General Store.
  9370 | D:9      | Bought a scroll of fog for 52 gold pieces
  9652 | D:10     | Entered Level 10 of the Dungeon
  9747 | D:10     | Noticed a two-headed ogre
  9762 | D:10     | Killed a two-headed ogre
  9763 | D:10     | Reached XP level 11. HP: 70/84 MP: 11/11
  9843 | D:10     | Noticed an oklob plant
  9845 | D:10     | Found a staircase to the Lair.
 10905 | D:9      | Reached skill level 1 in Evocations
 11009 | D:9      | Found Jeenwyp's Weapon Emporium.
 11103 | D:10     | Killed an oklob plant
 11326 | D:11     | Noticed a two-headed ogre
 11339 | D:11     | Killed a two-headed ogre
 11388 | D:11     | Noticed a purple ugly thing
 11432 | Orc:1    | Entered Level 1 of the Orcish Mines
 11432 | Orc:1    | Noticed an ettin
 11468 | D:9      | Killed an ettin
 11634 | Orc:1    | Noticed an orc sorcerer
 11643 | Orc:1    | Paralysed by an orc sorcerer for 3 turns
 11644 | Orc:1    | Mangled by an ice devil

Illustrated notes

Levels and vault maps discovered:
D:1:      wheals_arrival_linesprint, layout_loops_ring,
          ebering_ecumenical_altar_hall, minmay_fountain_box
D:2:      wad_lake_hut, layout_loops_ring, columned_hall_lemuel
D:3:      layout_rooms, pdpol_wu_jian_five_deadly_venoms
D:4:      cheibrodos_old_hovel, layout_loops_ring, overflow_temple_1_default,
          lemuel_temple_firewalk_b
D:5:      kennysheep_slugbush, layout_rooms, kennysheep_mini_moat,
          uniq_crazy_yiuf_cottage, uniq_duvessa
D:6:      minmay_flawed_box, layout_loops_corners, makhleb_altar_promises_db,
          serial_shops, shop, water_maze_lemuel
D:7:      layout_rooms, mainiacjoe_ossuary_entry_find_the_door, centaur_isle,
          uniq_maggie
D:8:      layout_loops_ring, mainiacjoe_overflow_surrounded_room, uniq_maurice
D:9:      lemuel_ogre_cave, layout_loops_cross, nicolae_elyvilon_peaceful_grove,
          serial_shops, nicolae_shop_getting_attention, shop,
          nicolae_shop_competitors_out_of_business,
          eino_small_chamber_without_monster
D:10:     layout_roguey, dpeg_oklobed_lair
D:11:     layout_loops_cross, dreamdust_princess_bridge, minmay_rotating_lava
Temple:   eino_temple_scatter_basement
Orc:1:    layout_diamond_mine

Skill      XL: |  1  2  3  4  5  6  7  8  9 10 11 |
---------------+----------------------------------+-----
Dodging        | 2 3 4 5 6 7 |  7.9
Unarmed Combat | 3 4 5 6 7 8 |  8.2
Shapeshifting  | 3 4 5 6 7 |  7.6
Armour         | 1 2 3 4 5 6 7 |  7.0
Fighting       | 2 3 4 5 6 7 8 |  8.4
Evocations     | 2 |  2.5

Action                     |  1- 3 |  4- 6 |  7- 9 | 10-12 || total
---------------------------+-------+-------+-------+-------++-------
  Melee: Unarmed           |    14 |       |       |       ||    14
         Dagger            |    71 |   139 |   297 |   316 ||   823
         Punch             |     2 |     7 |     9 |    20 ||    38
         Headbutt          |       |    17 |    57 |    63 ||   137
  Throw: Dart              |       |       |     6 |    26 ||    32
         Throwing net      |       |       |       |     1 ||     1
 Invoke: Call Merchant     |       |       |       |     1 ||     1
  Evoke: Wand              |       |       |    10 |    10 ||    20
    Use: Scroll            |     7 |     1 |    14 |    10 ||    32
         Potion            |       |     1 |     1 |     1 ||     3
   Stab: Sleeping          |     1 |       |       |     1 ||     2
         Invisible         |       |     1 |       |     1 ||     2
         Distracted        |       |       |     1 |     1 ||     2
         Held in net/web   |       |       |       |     2 ||     2
 Armour: Animal skin       |    11 |       |       |       ||    11
         Ring mail         |    38 |    63 |       |       ||   101
         Scale mail        |       |    14 |     3 |       ||    17
         Leather armour    |       |       |   110 |       ||   110
         Steam dragon scal |       |       |    61 |   151 ||   212
         Skin              |       |       |    30 |       ||    30
  Dodge: Dodged            |    37 |    59 |   234 |   208 ||   538
   Form: Beast             |     1 |       |       |     1 ||     2
                           |       |       |       |     1 ||     1
